 Dungeon Crawl Stone Soup version 0.27-a0-25-g087482e4d5 (webtiles) character file.

Game seed: 16918123121631189100

1490 Gildeon the Cleaver (level 8, -6/68 HPs)
             Began as a Minotaur Fighter on Jan 3, 2021.
             Was a Believer of Makhleb.
             Mangled by an ogre
             ... wielding a +0 giant spiked club
              (14 damage)
             ... on level 6 of the Dungeon.
             The game lasted 00:12:34 (4454 turns).

Gildeon the Cleaver (Minotaur Fighter)              Turns: 4454, Time: 00:12:34

Health: -6/68      AC: 12    Str: 23    XL:     8   Next: 51%
Magic:  7/7        EV:  7    Int:  5    God:    Makhleb [**....]
Gold:   322        SH: 10    Dex: 10    Spells: 7/7 levels left

rFire    . . .     SeeInvis .   a - +0 war axe
rCold    . . .     Faith    .   c - +0 kite shield
rNeg     . . .     Spirit   .   y - +0 plate armour
rPois    .         Reflect  .   (helmet restricted)
rElec    .         Harm     .   (no cloak)
rCorr    .         Rampage  .   (no gloves)
Will     .....     Rnd*Tele +   (no boots)
Stlth    ..........             t - amulet of the acrobat
HPRegen  0.21/turn              v - ring of teleportation (curse)
MPRegen  0.10/turn              A - ring of attention (curse)

@: no status effects
A: retaliatory headbutt, horns 2
a: Renounce Religion, Minor Destruction


You were on level 6 of the Dungeon.
You worshipped Makhleb.
Makhleb was pleased with you.
You visited 2 branches of the dungeon, and saw 7 of its levels.

You collected 322 gold pieces.

Inventory:

Hand Weapons
 a - a +0 war axe (weapon)
 r - a +0 flail
Armour
 b - the +2 leather armour of the Sea {+Blink rF++ rCorr Int-3, unknown}
   (You found it on level 4 of the Dungeon)

   It affects your intelligence (-3).
   It greatly protects you from fire.
   It lets you blink.
   It provides partial protection from all sources of acid and corrosion.
 c - a +0 kite shield (worn)
 y - a +0 plate armour (worn)
Jewellery
 s - an uncursed ring of protection from cold {unknown}
 t - an amulet of the acrobat (around neck)
 v - a cursed ring of teleportation (left hand)
 A - a cursed ring of attention (right hand)
Wands
 C - a wand of disintegration (12)
Scrolls
 e - 2 scrolls of remove curse {unknown}
 g - 2 scrolls of amnesia
 h - 2 scrolls of enchant weapon {unknown}
 j - 2 scrolls of blinking
 k - 2 scrolls of magic mapping {unknown}
 l - 2 scrolls of identify {unknown}
 o - 2 scrolls of fear {unknown}
 p - 2 scrolls of teleportation
 q - a scroll of random uselessness {unknown}
 u - a scroll of immolation {unknown}
Potions
 d - a potion of might
 f - 3 potions of haste
 i - 4 potions of curing {unknown}
 m - 2 potions of heal wounds {unknown}
 n - a potion of attraction {unknown}
 w - a potion of degeneration {unknown}
 x - a potion of brilliance {unknown}
 z - a potion of mutation {unknown}
 B - 3 potions of berserk rage {unknown}
 D - a potion of flight {unknown}


   Skills:
 + Level 5.1 Fighting
 * Level 8.5 Axes
 + Level 5.1 Armour
 + Level 5.0 Dodging
 + Level 6.8 Shields
 + Level 0.5 Invocations


You had 7 spell levels left.
You didn't know any spells.
Your spell library was empty.

Dungeon Overview and Level Annotations

Branches:
Dungeon (6/15)             Temple (1/1) D:6

Altars:
Ashenzari
Cheibriados
Dithmenos
Elyvilon
Fedhas
Gozag
Kikubaaqudgha
Makhleb
Nemelex Xobeh
Okawaru
Qazlal
Ru
Sif Muna
Trog
Uskayaw
Vehumet
Wu Jian
Xom
Yredelemnul
Zin
The Shining One


Innate Abilities, Weirdness & Mutations

You reflexively headbutt those who attack you in melee.
You have a pair of horns on your head.


Message History

The ogre hits you but does no damage.
You closely miss the ogre.
The ogre is lightly wounded.
You hit the ogre. Your headbutt misses the ogre.
The ogre is moderately wounded.
The ogre hits you with a +0 giant spiked club!!
You barely miss the ogre. You headbutt the ogre.
The ogre is moderately wounded.
The ogre hits you with a +0 giant spiked club!
You hit the ogre.
The ogre is heavily wounded.
You block the ogre's attack.
Your plate armour prevents you from hitting the ogre.
The ogre is heavily wounded.
The ogre hits you with a +0 giant spiked club!!
* * * LOW HITPOINT WARNING * * *
You slash the ogre!
The ogre is almost dead.
The ogre hits you with a +0 giant spiked club!
You die...

#...........#####........
#........................
#..†...........#.........
#..............#.....†...
#..............#.........
#...........####.........
#####.##.................
#................#...
####@..............##
#.O.............##
#...............#
......... ...##.... ....#
.... ..... ### ......


You could see an ogre.

Vanquished Creatures
  Duvessa (D:4)
  An orc warrior (D:6)
  An ice beast (D:5)
  A necrophage (D:6)
  An ogre (D:5)
  Dowan (D:4)
  A scorpion (D:6)
  A water moccasin skeleton (D:6)
  A howler monkey (D:5)
  5 orc priests
  5 orc wizards
  A bullfrog skeleton (D:6)
  3 hounds
  A jelly (D:4)
  Jessica (D:3)
  3 worker ants
  2 hound zombies
  A hound skeleton (D:4)
  9 adders
  2 shadow imps
  An ufetubus (D:6)
  9 oozes
  3 worms
  2 dart slugs
  3 leopard geckos
  19 orcs
  A ball python (D:1)
  4 giant cockroaches
  5 goblins
  4 hobgoblins
  3 jackals (D:2)
  12 kobolds
  2 quokkas (D:3)
  10 bats
  4 frilled lizards
  A giant cockroach zombie (D:5)
  4 rats
129 creatures vanquished.

Vanquished Creatures (others)
  2 fungi (D:4)
  9 toadstools (D:4)
11 creatures vanquished.

Grand Total: 140 creatures vanquished

Notes
Turn   | Place    | Note
-------+----------+-------------------------------------------
     0 | D:1      | Gildeon the Minotaur Fighter began the quest for the Orb.
     0 | D:1      | Reached XP level 1. HP: 19/19 MP: 0/0
   288 | D:1      | Reached XP level 2. HP: 27/27 MP: 1/1
   438 | D:1      | Reached skill level 3 in Axes
   685 | D:2      | Reached XP level 3. HP: 22/33 MP: 2/2
   898 | D:2      | Reached skill level 1 in Dodging
  1122 | D:2      | Reached XP level 4. HP: 22/40 MP: 3/3
  1561 | D:3      | Noticed Jessica
  1565 | D:3      | Killed Jessica
  1566 | D:3      | Reached skill level 4 in Axes
  1754 | D:3      | Reached XP level 5. HP: 45/47 MP: 4/4
  1927 | D:3      | Found a glowing golden altar of the Shining One.
  1929 | D:3      | Found a shadowy altar of Dithmenos.
  1948 | D:3      | Found a burning altar of Makhleb.
  1953 | D:3      | Became a worshipper of Makhleb the Destroyer
  1961 | D:3      | Found an ancient bone altar of Kikubaaqudgha.
  2174 | D:4      | Got a heavily runed leather armour
  2187 | D:4      | Noticed Dowan
  2188 | D:4      | Noticed Duvessa
  2209 | D:4      | Killed Duvessa
  2215 | D:4      | Killed Dowan
  2216 | D:4      | Reached skill level 5 in Axes
  2216 | D:4      | Reached XP level 6. HP: 24/53 MP: 5/5
  2590 | D:4      | Reached skill level 5 in Shields
  2632 | D:4      | Reached skill level 5 in Armour
  2668 | D:4      | Reached * piety under Makhleb
  2669 | D:4      | Reached skill level 5 in Fighting
  2781 | D:4      | Reached XP level 7. HP: 50/61 MP: 6/6
  2963 | D:5      | Entered Level 5 of the Dungeon
  2996 | D:5      | Reached skill level 6 in Axes
  3544 | D:5      | Reached ** piety under Makhleb
  3545 | D:5      | Reached skill level 7 in Axes
  3585 | D:5      | Found a broken altar of Ashenzari.
  3654 | D:5      | Reached XP level 8. HP: 55/68 MP: 7/7
  3871 | D:6      | Found a staircase to the Ecumenical Temple.
  3884 | Temple   | Entered the Ecumenical Temple
  4091 | D:6      | Reached skill level 8 in Axes
  4405 | D:6      | Reached skill level 5 in Dodging
  4454 | D:6      | Mangled by an ogre

Illustrated notes

Levels and vault maps discovered:
D:1:      minmay_arrival_pointy, layout_basic
D:2:      layout_loops_ring
D:3:      layout_basic, lightli_temple_of_fire, nicolae_overflow_hidden_temple,
          uniq_jessica
D:4:      cheibrodos_fertilizer, layout_basic, uniq_duvessa
D:5:      layout_loops_cross, evilmike_ruin_ashenzari
D:6:      layout_basic, minmay_temple_entry_statues_pillars
Temple:   eino_temple_scatter_basement

Skill      XL: |  1  2  3  4  5  6  7  8 |
---------------+-------------------------+-----
Axes           | 3 4 5 7 8 |  8.5
Fighting       | 4 5 |  5.1
Dodging        | 1 2 3 4 5 |  5.0
Shields        | 4 5 6 |  6.8
Armour         | 4 5 |  5.1
Invocations    | |  0.5

Action                   |  1- 3 |  4- 6 |  7- 9 || total
-------------------------+-------+-------+-------++-------
Melee: War axe           |    67 |   143 |   128 ||   338
       Headbutt          |    10 |    18 |    27 ||    55
  Use: Scroll            |       |       |     3 ||     3
       Potion            |       |       |     1 ||     1
Armor: Scale mail        |    31 |       |       ||    31
       Chain mail        |       |    79 |    32 ||   111
       Plate armour      |       |       |     6 ||     6
Dodge: Dodged            |    26 |    48 |    34 ||   108
Block: Kite shield       |    46 |    97 |    43 ||   186

Table legend: (Time is in decaauts)
 A = Elapsed time spent in this place.
 B = Non-inter-level travel time spent in this place.
 C = Inter-level travel time spent in this place.
 D = Time resting spent in this place.
 E = Time spent auto-exploring this place.
 F = Levels seen in this place.
 G = Mean time per level.
                   A        B        C        D        E       F      G
               +--------+--------+--------+--------+--------+-----+--------+
         Total |   4548 |   4385 |    163 |      0 |   3365 |   7 |  649.7 |
       Dungeon |   4366 |   4217 |    149 |      0 |   3198 |   6 |  727.7 |
        Temple |    181 |    167 |     14 |      0 |    167 |   1 |  181.0 |
               +--------+--------+--------+--------+--------+-----+--------+

Top non-repeatable levels by time:
     D:2: 996 daAuts
     D:5: 913 daAuts
     D:4: 861 daAuts
     D:1: 602 daAuts
     D:3: 588 daAuts
     D:6: 405 daAuts
  Temple: 181 daAuts
